 Dungeon Crawl Stone Soup version 0.19.5 (webtiles) character file.

7 tidbits the Skirmisher (level 1, 0/17 HPs)
             Began as a High Elf Wanderer on Nov 8, 2017.
             Succumbed to a kobold's poison
             ... on level 1 of the Dungeon.
             The game lasted 00:01:35 (168 turns).

tidbits the Skirmisher (High Elf Wanderer)           Turns: 168, Time: 00:01:35

Health: 0/17       AC:  2    Str:  7 (10) XL:     1   Next: 83%
Magic:  3/3        EV: 13    Int: 11 (13) God:
Gold:   0          SH:  0    Dex: 16 (17) Spells: 0 memorised, 0 levels left

rFire  . . .     SeeInvis .     a - +0 short sword
rCold  . . .     Gourm    .     B - +0 robe
rNeg   . . .     Faith    .     (no shield)
rPois  .         Spirit   .     (no helmet)
rElec  .         Reflect  .     (no cloak)
rCorr  .         Harm     .     (no gloves)
MR     .....                    (no boots)
Stlth  ++........               (no amulet)
                                (no ring)
                                (no ring)

@: lethally poisoned (0 -> -25)
A: no striking features
a: no special abilities


You were on level 1 of the Dungeon.
You were not hungry.

You visited 1 branch of the dungeon, and saw 1 of its levels.

Inventory:

Hand Weapons
 a - a +0 short sword (weapon)
 b - a +0 dagger
Armour
 h - a +0 scale mail
   (You found it on level 1 of the Dungeon)
 B - a +0 robe (worn)
Scrolls
 f - a scroll of fear
Potions
 g - a potion of berserk rage
Comestibles
 c - a bread ration


   Skills:
 - Level 4.0 Fighting
 + Level 2.1 Dodging
 - Level 2.1 Stealth
 - Level 1.0 Unarmed Combat
   Level 2.0 Evocations


You couldn't memorise any spells.
You didn't know any spells.

Dungeon Overview and Level Annotations

Branches:
Dungeon (1/15)

Altars:


Message History

You barely miss the goblin. The goblin barely misses you.
You hit the goblin.
You kill the goblin!
You open the door.
Found a scale mail.
There is an open door here.
You see here a scale mail.
h - a scale mail
There is an open door here.
Things that are here:
a club; a goblin corpse
Things that are here:
a club; a goblin corpse
There is an open door here.
A goblin comes into view.
The goblin shouts!
The goblin completely misses you.
You barely miss the goblin. The goblin barely misses you.
You closely miss the goblin. The goblin hits you.
You barely miss the goblin. The goblin hits you but does no damage.
You hit the goblin.
The goblin is heavily wounded.
The goblin hits you.
You hit the goblin.
You kill the goblin!
Found a stone staircase leading down.
A kobold comes into view.
It is wielding a dagger of venom. 3 jackals come into view.
The jackal barks!
The kobold shouts!
The jackal barks! x2
The kobold throws a stone.
The stone hits you but does no damage.
You see here a stone.
The jackal bites you.
You hit the jackal.
You kill the jackal!
The jackal barely misses you.
You hit the jackal but do no damage.
The jackal bites you but does no damage.
You hit the jackal but do no damage. The jackal barely misses you.
The jackal misses you.
You hit the jackal.
The jackal is heavily wounded.
The jackal bites you.
You hit the jackal.
The jackal is severely wounded.
The jackal bites you. x2
* * * LOW HITPOINT WARNING * * *
You closely miss the jackal.
The jackal is severely wounded.
The jackal bites you.
* * * LOW HITPOINT WARNING * * *
You hit the jackal.
You kill the jackal!
Your Dodging skill increases to level 2!
You hit the jackal.
The jackal is almost dead.
The jackal bites you but does no damage.
The jackal barely misses you.
You barely miss the jackal.
The jackal is almost dead.
The jackal misses you.
You hit the jackal but do no damage.
The jackal is almost dead.
The jackal misses you. The jackal bites you.
* * * LOW HITPOINT WARNING * * *
You closely miss the jackal.
The jackal is almost dead.
The jackal barely misses you.
You feel better. The jackal barely misses you.
The jackal bites you but does no damage.
You hit the jackal but do no damage.
The jackal is almost dead.
The jackal bites you.
You closely miss the jackal.
The jackal is almost dead.
The jackal bites you but does no damage.
The jackal closely misses you.
You hit the jackal but do no damage.
The jackal is almost dead.
The jackal bites you.
You hit the jackal.
You kill the jackal!
The kobold throws a stone.
The stone barely misses you. The kobold barely misses you.
Things that are here:
a jackal corpse x2
You closely miss the kobold.
The kobold hits you with a dagger of venom.
* * * LOW HITPOINT WARNING * * *
You are lethally poisoned!
You hit the kobold.
The kobold is moderately wounded.
* * * LOW HITPOINT WARNING * * *
You feel sick.
The kobold hits you with a dagger of venom.
* * * LOW HITPOINT WARNING * * *
You are more poisoned.
It was a potion of degeneration.
There was something very wrong with that liquid.
You feel weakened.
You feel dopey.
You feel clumsy.
You die...

####....######
#............
...'.........#
#.##.#.######
####.........#
#(##.#...
####..)......#
#.##.#####
...'.........#
#.##.#
####.........#
#.##..
#####.....#
#.#### #.....#
#.# #######
#@# #K# #.#
..h.h.......#
#######.#.###
#.#... #.# ###
#.. #.#


You could see a kobold.

Vanquished Creatures
  2 goblins (D:1)
  3 jackals (D:1)
5 creatures vanquished.

Notes
Turn   | Place    | Note
-------+----------+-------------------------------------------
     0 | D:1      | tidbits the High Elf Wanderer began the quest for the Orb.
     0 | D:1      | tidbits set off with: a potion of berserk rage, a scroll of fear, a +0 short sword, a potion of curing, a +0 robe, a +0 dagger, a bread ration
     0 | D:1      | Reached XP level 1. HP: 17/17 MP: 3/3
   155 | D:1      | Reached skill level 2 in Dodging
   168 | D:1      | Succumbed to a kobold's poison

Skill      XL: |  1 |
---------------+----+-----
Dodging        | 2 |  2.1
Fighting       | |  4.0
Stealth        | |  2.1
Unarmed Combat | |  1.0
Evocations     | |  2.0

Action                   || total
-------------------------++-------
Melee: Short sword       ||    26
  Use: Potion            ||     2
Armor: Robe              ||     7
Dodge: Dodged            ||    15

Table legend:
 A = Turns spent in this place as a percentage of turns spent in the entire game.
 B = Non-inter-level travel turns spent in this place as a percentage of non-inter-level travel turns spent in the entire game.
 C = Inter-level travel turns spent in this place as a percentage of turns spent in this place.
 D = Turns resting spent in this place as a percentage of non-inter-level travel turns spent in this place.
 E = Turns spent auto-exploring this place as a percentage of non-inter-level travel turns spent in this place.
 F = Non-inter-level travel turns spent in this place divided by the number of levels of this place that you've seen.
                   A       B       C       D       E      F
               +-------+-------+-------+-------+-------+----------------------
         Total | 100.0 | 100.0 |   0.0 |   0.0 |   0.0 | 133.0
       Dungeon | 100.0 | 100.0 |   0.0 |   0.0 |   0.0 | 133.0
               +-------+-------+-------+-------+-------+----------------------

Table legend:
 A = Kills in this place as a percentage of kills in entire the game.
 B = Kills by you in this place as a percentage of kills by you in the entire game.
 C = Kills by friends in this place as a percentage of kills by friends in the entire game.
 D = Other kills in this place as a percentage of other kills in the entire game.
 E = Experience gained in this place as a percentage of experience gained in the entire game.
 F = Experience gained in this place divided by the number of levels of this place that you have seen.
                   A       B       C       D       E      F
               +-------+-------+-------+-------+-------+----------------------
         Total | 100.0 | 100.0 |  -nan |  -nan | 100.0 |  10.0
       Dungeon | 100.0 | 100.0 |  -nan |  -nan | 100.0 |  10.0
               +-------+-------+-------+-------+-------+----------------------

Vault maps used:
D:1:      doesnt_arrival_goblin_jail, cheibriados_altar_1
